 Dungeon Crawl Stone Soup version 0.26-a0-812-g31a745ddcd (webtiles) character file.

Game seed: 8025492789743804952

322293 BattleRest the Slayer (level 20, -17/203 HPs)
             Began as a Minotaur Fighter on Sept 22, 2020.
             Was the Champion of Okawaru.
             Killed from afar by a raiju (19 damage)
             ... with a living lightning
             ... on level 4 of the Abyss on Nov 30, 2020.
             The game lasted 02:24:37 (45798 turns).

BattleRest the Slayer (Minotaur Fighter)           Turns: 45798, Time: 02:24:38

Health: -17/203    AC: 35    Str: 40    XL:     20   Next: 66%
Magic:  19/19      EV:  9    Int:  1    God:    Okawaru [******]
Gold:   4808       SH: 26    Dex: 23    Spells: 19/19 levels left

rFire    . . .     SeeInvis .   F - +3 morningstar "Laurior" {flame, +Inv rF+ Int-5}
rCold    . . .     Faith    .   w - +2 kite shield
rNeg     . . .     Spirit   .   N - +9 plate armour of the Sacrificial Victim {rF- MR- rCorr Dex+9}
rPois    .         Reflect  +   Z - +2 hat {MR+}
rElec    .         Harm     .   c - +1 cloak {rCorr}
rCorr    +         Rampage  +   q - +1 pair of gloves {Dex+3}
MR       +....                  b - +2 pair of boots {rampage}
Stlth    ..........             f - amulet of reflection
HPRegen  0.43/turn              t - +6 ring of strength
MPRegen  0.16/turn              W - +6 ring of strength

@: hasted (expiring), very quick
A: retaliatory headbutt, horns 2, deformed body
}: 2/15 runes: decaying, serpentine
a: Heroism, Finesse, Renounce Religion, Evoke Invisibility


You were on level 4 of the Abyss.
You worshipped Okawaru.
Okawaru was exalted by your worship.
You visited 7 branches of the dungeon, and saw 35 of its levels.
You visited the Abyss 3 times.
You also visited: Bailey and Ice Cave.

You collected 5447 gold pieces.
You spent 639 gold pieces at shops.

Inventory:

Hand Weapons
 F - the +3 morningstar "Laurior" (weapon) {flame, +Inv rF+ Int-5}
   (You bought it in a shop on level 2 of the Orcish Mines)

   It has been specially enchanted to burn those struck by it, causing extra
   injury to most foes and up to half again as much damage against particularly
   susceptible opponents.
   It affects your intelligence (-5).
   It protects you from fire.
   It lets you turn invisible.
Armour
 a - a +3 plate armour of cold resistance
 b - a +2 pair of boots of rampaging (worn)
 c - a +1 cloak of preservation (worn)
 q - a +1 pair of gloves of dexterity (worn)
 w - a +2 kite shield (worn)
 K - a +2 hat of intelligence
 N - the +9 plate armour of the Sacrificial Victim (worn) {rF- MR- rCorr Dex+9}
   (You found it in an ice cave)

   It affects your dexterity (+9).
   It makes you vulnerable to fire.
   It affects your resistance to hostile enchantments.
   It provides partial protection from all sources of acid and corrosion.
 Z - a +2 hat of magic resistance (worn)
Jewellery
 f - an amulet of reflection (around neck)
 n - an uncursed ring of ice
 p - an uncursed amulet of regeneration
 t - a +6 ring of strength (left hand)
 y - an uncursed ring of see invisible
 A - an uncursed ring of protection from cold
 B - a +4 ring of slaying
 J - a +4 ring of protection
 P - an uncursed ring of poison resistance
 T - an uncursed ring of protection from fire
 W - a +6 ring of strength (right hand)
Wands
 e - a wand of paralysis (9)
 V - a wand of digging (19)
Scrolls
 d - a scroll of acquirement
 g - 14 scrolls of identify
 i - 15 scrolls of teleportation
 j - 11 scrolls of amnesia
 x - 5 scrolls of enchant armour
 D - 15 scrolls of remove curse
 E - a scroll of holy word
 I - 3 scrolls of magic mapping
 M - 2 scrolls of fog {unknown}
 Q - 2 scrolls of fear {unknown}
 R - a scroll of enchant weapon
Potions
 h - 3 potions of berserk rage
 k - 7 potions of might
 l - 4 potions of flight
 o - 3 potions of magic
 r - 14 potions of curing
 u - 4 potions of brilliance
 z - 6 potions of invisibility
 G - 2 potions of resistance
 O - 3 potions of ambrosia
Miscellaneous
 H - a tin of tremorstones (2/2)


   Skills:
 + Level 23.1 Fighting
 + Level 20.9 Maces & Flails
 + Level 21.0 Armour
 + Level 21.0 Shields


You had 19 spell levels left.
You didn't know any spells.
Your spell library contained the following spells:

 Spells                   Type           Power        Failure   Level
 Animate Skeleton         Necr           #.....       89%         1
 Corona                   Hex            #......      89%         1
 Magic Dart               Conj           #...         89%         1
 Pain                     Necr           #...         89%         1
 Sandblast                Erth           #.....       89%         1
 Shock                    Conj/Air       #...         89%         1
 Summon Small Mammal      Summ           #...         89%         1
 Blink                    Tloc           N/A          96%         2
 Call Imp                 Summ           #.......     96%         2
 Ensorcelled Hibernation  Hex/Ice        #.....       96%         2
 Passwall                 Tmut/Erth      #.......     96%         2
 Slow                     Hex            #.......     96%         2
 Swiftness                Air            #.......     96%         2
 Call Canine Familiar     Summ           #.......     99%         3
 Confusing Touch          Hex            #.......     99%         3
 Conjure Flame            Conj/Fire      #.......     99%         3
 Dazzling Flash           Conj/Hex       #.....       99%         3
 Ignite Poison            Fire/Tmut/Pois #.......     99%         3
 Mephitic Cloud           Conj/Pois/Air  #.......     99%         3
 Static Discharge         Conj/Air       #.......     99%         3
 Stone Arrow              Conj/Erth      #.....       99%         3
 Summon Guardian Golem    Hex/Summ       #.......     99%         3
 Tukima's Dance           Hex            #.......     99%         3
 Vampiric Draining        Necr           #.........   99%         3
 Airstrike                Air            #.........   100%        4
 Animate Dead             Necr           #.........   100%        4
 Petrify                  Tmut/Erth      #.......     100%        4
 Summon Ice Beast         Ice/Summ       #.......     100%        4
 Summon Lightning Spire   Summ/Air       #.......     100%        4
 Agony                    Necr           #.......     100%        5
 Fireball                 Conj/Fire      #.........   100%        5
 Irradiate                Conj/Tmut      #.........   100%        5
 Lee's Rapid Deconstruct  Erth           #.........   100%        5
 Lightning Bolt           Conj/Air       #.........   100%        5
 Hydra Form               Tmut           #.........   100%        6
 Starburst                Conj/Fire      #.........   100%        6
 Statue Form              Tmut/Erth      #........    100%        6
 Dragon Form              Tmut           #.........   100%        7
 Ignition                 Fire           #.........   100%        8


Dungeon Overview and Level Annotations

Branches:
Dungeon (15/15)            Temple (0/1) D:6            Lair (6/6) D:8
  Swamp (4/4) Lair:3        Snake (4/4) Lair:3        Slime (0/5) Lair:5
    Orc (2/2) D:10            Elf (3/3) Orc:2        Depths (1/5) D:15
 Bailey (visited)           IceCv (visited)
 Vaults: D:13-14

Altars:
Ashenzari
Dithmenos
Elyvilon
Fedhas
Gozag
Okawaru
Qazlal
Sif Muna
Vehumet
Wu Jian
Yredelemnul
Zin
Jiyva

Shops:
D:12 [   Orc:2 }*::=   Elf:1 }}=   Elf:2 *   Elf:3 }

Portals:
Hell: Depths:1
Trove: D:10 (give 4 scrolls of fear)

Annotations:
D:11 3 runed translucent doors
Elf:2 5 runed translucent doors


Innate Abilities, Weirdness & Mutations

You reflexively headbutt those who attack you in melee.
You have a pair of horns on your head.
Armour fits poorly on your strangely shaped body.


Message History

You bludgeon the raiju!! You burn the raiju!
The raiju is almost dead.
You closely miss the raiju.
The raiju is almost dead.
The raiju bursts into living lightning!
The living lightning hits you!!
* * * LOW HITPOINT WARNING * * *
The living lightning hits you!
* * * LOW HITPOINT WARNING * * *
The raiju blinks! x2
Your extra speed is starting to run out.
You block the raiju's attack.
You see here a scroll of remove curse.
Found 22 gold pieces.
A flayed ghost comes into view.
Evoke which item? (* to show all) (? for menu, Esc to quit)
Okay, then.
The raiju bursts into living lightning!
The living lightning hits you!!
You die...

.. ...## # # ..#..
...# # .# ..#....#.#
#.###.... .#.#
##.#.##.##...#
#..#..###..# .##
##h.?.h.... . .#
#.#.#...### #....
#.....#.@####.......##
#.#...###.# .#.#.###
#..# ## ## #. $W#.
.#.## . #


You could see a raiju.

Vanquished Creatures
  Jorgrun (Orc:2)
  A tentacled monstrosity (Abyss:3)
  Rupert (Lair:5)
  4 deep elf master archers (Elf:3)
  2 deep elf blademasters (Elf:3)
  Kirke (Lair:5)
  Gastronok (D:11)
  5 tentacled starspawn
  6 nagarajas (Snake:4)
  A daeva (Abyss:2)
  2 frost giants
  7 deep elf sorcerers
  An orc warlord (Bailey)
  3 stone giants
  3 very ugly things
  3 deep elf demonologists (Elf:3)
  A lorocyproca (Abyss:2)
  3 deep elf annihilators (Elf:3)
  8 bunyips
  6 eleionomae
  Snorg (Lair:5)
  A merfolk impaler (Depths:1)
  A fire dragon (Depths:1)
  2 deep elf high priests (Elf:1)
  2 shambling mangroves (Swamp:4)
  A great orb of eyes (Depths:1)
  A vault guard (D:10)
  34 hydras
  12 naga warriors
  2 catoblepae
  5 dancing weapons
  3 ghost crabs
  9 alligators
  A death knight (D:11)
  21 anacondas
  3 centaur warriors
  16 two-headed ogres
  3 ogre magi
  6 thrashing horrors
  10 naga sharpshooters
  5 orc high priests (Orc:2)
  10 shock serpents
  The ghost of tilp the Slinger, a novice HaHu of Okawaru (D:9)
  17 deep elf knights
  5 goliath frogs
  A wretched star (Abyss:2)
  6 salamander mystics
  A shadow wraith (Abyss:4)
  6 skeletal warriors
  A spatial maelstrom (Abyss:4)
  2 unseen horrors
  2 glowing orange brains
  5 spriggan druids
  A wizard (D:15)
  9 swamp dragons
  2 orc knights (Bailey)
  7 bog bodies
  4 naga ritualists
  2 phantasmal warriors (D:11)
  16 deep elf archers
  4 lindwurms (Snake:4)
  An oklob plant (Lair:1)
  53 deep elf magi
  14 mana vipers
  14 ugly things
  3 will-o-the-wisps
  6 orc sorcerers
  8 elephants (Lair:5)
  5 cyclopes
  10 salamanders
  A worldbinder (Abyss:3)
  A guardian serpent (shapeshifter) (Elf:2)
  Joseph (Lair:1)
  32 black mambas
  9 guardian serpents
  3 ice statues (IceCv)
  27 naga magi
  26 cane toads
  Maggie (D:10)
  3 gargoyles
  A kobold demonologist (D:15)
  A yaktaur (shapeshifter) (D:9)
  4 rime drakes
  9 komodo dragons
  2 ice devils (Lair:2)
  3 ancient zymes
  4 trolls
  2 polar bears
  A meliai (shapeshifter) (Elf:2)
  A bloated husk (Swamp:1)
  The ghost of Flugslaktarn the Skirmisher, an amateur FoFi (D:5)
  7 hornets
  A queen bee (Lair:2)
  11 tyrant leeches
  A polar bear (shapeshifter) (Depths:1)
  16 blink frogs (Lair:6)
  12 slime creatures
  11 starcursed masses (Abyss:2)
  7 spriggans
  2 centaur simulacra (D:15)
  3 wraiths
  11 wyverns
  34 yaks
  2 ynoxinuls (Abyss:2)
  14 water elementals
  3 air elementals
  2 fire elementals
  A spriggan (shapeshifter) (Elf:3)
  3 neqoxecs
  5 basilisks
  7 vampire mosquitoes
  A chaos spawn (Abyss:2)
  12 swamp worms
  5 large abominations (Abyss:2)
  An insubstantial wisp (Abyss:2)
  Menkaure (D:6)
  34 nagas
  An acid dragon (D:15)
  A hell hound (Lair:6)
  24 water moccasins
  17 swamp drakes
  2 sky beasts
  31 orc warriors
  11 ice beasts
  An eye of draining (D:10)
  2 necrophages
  4 phantoms
  8 centaurs
  8 wolves
  12 ogres
  5 small abominations (Abyss:2)
  3 big kobolds
  35 bullfrogs
  2 earth elementals (Elf:1)
  A gnoll sergeant (D:11)
  A wyvern skeleton (D:10)
  26 killer bees
  9 wights
  3 electric eels
  A bullfrog zombie (D:5)
  A quasit (D:6)
  3 bullfrog skeletons
  3 centaur skeletons
  26 orc priests
  5 hounds
  5 jellies
  8 iguanas
  5 hell rats (Lair:6)
  Natasha (thrice) (D:4)
  30 orc wizards
  11 worker ants
  A killer bee zombie (D:9)
  2 hound zombies (D:5)
  A hound skeleton (D:11)
  A worker ant zombie (D:3)
  A howler monkey zombie (D:6)
  19 gnolls
  11 adders
  2 howler monkey skeletons
  3 shadow imps
  2 white imps
  5 ufetubi
  An ooze (D:3)
  3 adder skeletons
  2 worms
  3 leopard geckos
  123 orcs
  6 bats
  9 giant cockroaches
  34 goblins
  29 hobgoblins
  5 jackals
  13 kobolds
  7 quokkas
  7 frilled lizards
  A giant cockroach zombie (D:6)
  8 rats
  A butterfly (Lair:6)
  A starspawn tentacle (Abyss:3)
1364 creatures vanquished.

Vanquished Creatures (others)
  A nagaraja (Snake:4)
  A spriggan berserker (Swamp:4)
  A deep elf mage (Elf:1)
  5 bloated husks
  3 humans (Lair:5)
  A bullfrog (Lair:5)
  A bush (D:8)
  8 foxfires (Swamp:4)
  41 fungi
  102 plants
  22 starspawn tentacles
186 creatures vanquished.

Grand Total: 1550 creatures vanquished

Notes
Turn   | Place    | Note
-------+----------+-------------------------------------------
     0 | D:1      | BattleRest the Minotaur Fighter began the quest for the
                  | Orb.
     0 | D:1      | Reached XP level 1. HP: 19/19 MP: 0/0
   169 | D:1      | Reached XP level 2. HP: 27/27 MP: 1/1
   624 | D:1      | Reached skill level 4 in Fighting
   953 | D:2      | Reached XP level 3. HP: 33/33 MP: 2/2
   974 | D:2      | Found a glowing silver altar of Zin.
  1339 | D:2      | Found an iron altar of Okawaru.
  1347 | D:2      | Became a worshipper of Warmaster Okawaru
  1521 | D:2      | Reached XP level 4. HP: 29/41 MP: 3/3
  1757 | D:2      | Found an iron altar of Okawaru.
  1952 | D:3      | Reached XP level 5. HP: 42/47 MP: 4/4
  2078 | D:3      | Found a basalt altar of Yredelemnul.
  2089 | D:3      | Reached skill level 5 in Shields
  2235 | D:3      | Reached skill level 5 in Fighting
  2351 | D:3      | Reached skill level 5 in Armour
  2503 | D:3      | Found a white marble altar of Elyvilon.
  2577 | D:3      | Reached * piety under Okawaru
  2577 | D:3      | Reached XP level 6. HP: 25/56 MP: 5/5
  2938 | D:3      | Found a shattered altar of Ashenzari.
  2942 | D:3      | Saw a vision of the Swamp and the Snake Pit.
  2942 | D:3      | Noticed an alligator
  2942 | D:3      | Noticed an alligator
  2942 | D:3      | Noticed a nagaraja
  2942 | D:3      | Noticed an alligator
  2942 | D:3      | Noticed a salamander
  2942 | D:3      | Noticed a shock serpent
  2942 | D:3      | Noticed a naga mage
  2942 | D:3      | Noticed an alligator
  2942 | D:3      | Noticed a black mamba
  2942 | D:3      | Noticed an alligator
  2942 | D:3      | Noticed a naga warrior
  2942 | D:3      | Noticed a salamander
  3148 | D:4      | Noticed Natasha
  3159 | D:4      | Killed Natasha
  3224 | D:4      | Noticed Natasha
  3232 | D:4      | Killed Natasha
  3374 | D:4      | Reached skill level 5 in Maces & Flails
  3374 | D:4      | Reached XP level 7. HP: 43/62 MP: 6/6
  3506 | D:4      | Noticed Natasha
  3510 | D:4      | Killed Natasha
  3774 | D:4      | Found a blossoming altar of Fedhas.
  3940 | D:5      | Entered Level 5 of the Dungeon
  3976 | D:5      | Reached skill level 6 in Fighting
  4034 | D:5      | Reached ** piety under Okawaru
  4149 | D:5      | Found a transporter.
  4149 | D:5      | Noticed Flugslaktarn's ghost (amateur FoFi)
  4376 | D:5      | Reached XP level 8. HP: 55/71 MP: 7/7
  4393 | D:5      | HP: 2/71 [poisoned by an orc wizard]
  4825 | D:5      | Found a transporter.
  4870 | D:5      | Killed Flugslaktarn's ghost
  4870 | D:5      | Reached skill level 7 in Fighting
  5114 | D:6      | Got a crude buckler
  5145 | D:6      | Identified the +3 buckler of the Boiling Point {Rampage
                  | Str-2 Dex+2} (You found it on level 6 of the Dungeon)
  5199 | D:6      | Reached *** piety under Okawaru
  5300 | D:6      | Upgraded the game from 0.26-a0-639-g72c4674329 to
                  | 0.26-a0-812-g31a745ddcd
  5445 | D:6      | Reached XP level 9. HP: 81/81 MP: 8/8
  5481 | D:6      | Found a stormy altar of Qazlal.
  5542 | D:6      | Reached skill level 8 in Fighting
  5701 | D:6      | Found a staircase to the Ecumenical Temple.
  5704 | D:6      | Noticed Menkaure
  5707 | D:6      | Killed Menkaure
  5910 | D:7      | Reached **** piety under Okawaru
  6729 | D:7      | Found a shimmering blue altar of Sif Muna.
  6771 | D:8      | Found a staircase to the Lair.
  6777 | D:8      | Reached skill level 9 in Fighting
  6786 | D:8      | Reached ***** piety under Okawaru
  6798 | D:8      | Reached XP level 10. HP: 67/91 MP: 9/9
  6820 | D:7      | Received a gift from Okawaru
  7100 | D:8      | Noticed a two-headed ogre
  7109 | D:8      | Killed a two-headed ogre
  7281 | D:8      | Reached skill level 10 in Shields
  7346 | D:8      | Reached skill level 10 in Fighting
  7346 | D:8      | Reached skill level 10 in Armour
  7404 | D:8      | Noticed a two-headed ogre
  7413 | D:8      | Killed a two-headed ogre
  7413 | D:8      | Reached skill level 10 in Maces & Flails
  8208 | D:9      | Found a runed translucent gate.
  8208 | D:9      | Found a runed translucent gate.
  8208 | D:9      | Found a runed translucent gate.
  8213 | D:9      | Noticed tilp's ghost (novice HaHu)
  8230 | D:9      | Killed tilp's ghost
  8258 | D:9      | Found a flagged portal.
  8260 | D:9      | Noticed a cane toad
  8262 | D:9      | a cane toad changed into a yaktaur
  8275 | Bailey   | Entered a bailey
  8445 | Bailey   | Reached XP level 11. HP: 84/99 MP: 10/10
  8674 | Bailey   | Noticed an orc knight
  8674 | Bailey   | Noticed an orc warlord
  8675 | Bailey   | Noticed an orc knight
  8734 | Bailey   | Killed an orc warlord
  8734 | Bailey   | Received a gift from Okawaru
  8734 | Bailey   | Reached skill level 11 in Fighting
  8847 | Bailey   | Identified the cursed +0 scimitar of Hacking and Slashing
                  | {protect, rF+}
  8857 | Bailey   | Killed an orc knight
  8871 | Bailey   | Killed an orc knight
  9871 | D:10     | Entered Level 10 of the Dungeon
  9977 | D:10     | Noticed Maggie
  9993 | D:10     | Killed Maggie
 10270 | D:10     | Found a staircase to the Orcish Mines.
 10540 | D:10     | Received a gift from Okawaru
 10541 | D:10     | Got a faintly humming plate armour {god gift}
 10567 | D:10     | Identified the +0 plate armour "Xeanyu" {rN++ Stlth-}
                  | (Okawaru gifted it to you on level 10 of the Dungeon)
 10768 | D:10     | Found an ornate altar of the Wu Jian Council.
 10860 | D:10     | Noticed a vault guard
 10879 | D:10     | Killed a vault guard
 10885 | D:10     | Found a portal to a secret trove of treasure.
 10893 | D:10     | Identified a scroll of acquirement
 10895 | D:10     | Acquired a +2 pair of boots of rampaging
 11253 | Lair:1   | Entered Level 1 of the Lair of Beasts
 11305 | Lair:1   | Found a gate leading to a gauntlet.
 11323 | Lair:1   | Noticed Joseph
 11330 | Lair:1   | Killed Joseph
 11570 | Lair:1   | Reached skill level 12 in Fighting
 11610 | Lair:1   | Reached XP level 12. HP: 112/112 MP: 11/11
 11770 | Lair:1   | Found an opulent altar of Gozag.
 12147 | Lair:2   | Found a frozen archway.
 12175 | IceCv    | Entered an ice cave
 12365 | IceCv    | Received a gift from Okawaru
 12510 | IceCv    | Got a smoking plate armour
 12511 | IceCv    | Identified the +9 plate armour of the Sacrificial Victim
                  | {rF- MR- rCorr Dex+9} (You found it in an ice cave)
 12885 | Lair:2   | Noticed a five-headed hydra
 12890 | Lair:2   | Killed a five-headed hydra
 13226 | Lair:2   | Noticed an eight-headed hydra
 13233 | Lair:2   | Killed an eight-headed hydra
 13233 | Lair:2   | Reached skill level 13 in Fighting
 13578 | Lair:3   | Found a staircase to the Snake Pit.
 13725 | Lair:3   | Reached XP level 13. HP: 122/122 MP: 12/12
 13907 | Lair:3   | Found a staircase to the Swamp.
 13939 | Lair:3   | Reached ****** piety under Okawaru
 14428 | Lair:3   | Received a gift from Okawaru
 15969 | Lair:5   | Reached skill level 14 in Fighting
 15993 | Lair:5   | Received a gift from Okawaru
 16225 | Lair:5   | Found a viscous altar of Jiyva.
 16226 | Lair:5   | Found a staircase to the Slime Pits.
 16230 | Lair:5   | Noticed Kirke
 16241 | Lair:5   | Killed Kirke
 16387 | Lair:5   | Noticed Snorg
 16419 | Lair:5   | Killed Snorg
 16903 | Lair:5   | Noticed Rupert
 16909 | Lair:5   | Paralysed by Rupert for 6 turns
 16930 | Lair:5   | Killed Rupert
 17423 | Lair:6   | Entered Level 6 of the Lair of Beasts
 17612 | Lair:6   | Reached XP level 14. HP: 132/133 MP: 13/13
 17683 | Lair:6   | Received a gift from Okawaru
 17686 | Lair:6   | Got a crude buckler {god gift}
 17926 | Lair:6   | Reached skill level 15 in Fighting
 17928 | Lair:6   | Reached skill level 15 in Shields
 17933 | Lair:6   | Reached skill level 15 in Armour
 18104 | Lair:6   | Reached skill level 15 in Maces & Flails
 18664 | Lair:6   | Found the +6 shillelagh "Devastator" {shatter}
 19154 | Snake:1  | Entered Level 1 of the Snake Pit
 20944 | Snake:2  | Received a gift from Okawaru
 20944 | Snake:2  | Reached XP level 15. HP: 118/143 MP: 14/14
 21251 | Snake:2  | Reached skill level 16 in Fighting
 21251 | Snake:2  | Reached XP level 16. HP: 151/151 MP: 15/15
 21461 | Snake:3  | Found the +2 hood of the Assassin {Detection Stab+ Stlth++}
 22830 | Snake:4  | Entered Level 4 of the Snake Pit
 24209 | Snake:3  | Received a gift from Okawaru
 24650 | Snake:4  | Reached skill level 17 in Fighting
 27148 | Snake:4  | Received a gift from Okawaru
 27148 | Snake:4  | Reached XP level 17. HP: 162/162 MP: 16/16
 29350 | Snake:4  | Received a gift from Okawaru
 29504 | Snake:4  | Reached skill level 18 in Fighting
 29899 | Snake:4  | Got a serpentine rune of Zot
 30192 | Lair:1   | Got a pair of scorched gloves
 30193 | Lair:1   | Identified the cursed +0 pair of gloves "Ruaf" {rCorr} (You
                  | found it on level 1 of the Lair of Beasts)
 30348 | Orc:1    | Entered Level 1 of the Orcish Mines
 30679 | Orc:2    | Entered Level 2 of the Orcish Mines
 30688 | Orc:2    | Found a staircase to the Elven Halls.
 31706 | Orc:2    | Noticed Jorgrun
 31730 | Orc:2    | Killed Jorgrun
 32062 | Orc:2    | Found Kiajymp's Book Emporium.
 32062 | Orc:2    | Found Baunwit's Gadget Shoppe.
 32062 | Orc:2    | Found Haroif's Book Emporium.
 32070 | Orc:2    | Found Qaiggie's General Store.
 32077 | Orc:2    | Bought the +3 morningstar "Laurior" {flame, +Inv rF+ Int-5}
                  | for 392 gold pieces
 32077 | Orc:2    | Lost intelligence.
 32227 | Orc:2    | Found Ineom's Jewellery Shop.
 32942 | Swamp:1  | Entered Level 1 of the Swamp
 33197 | Swamp:1  | Received a gift from Okawaru
 33226 | Swamp:1  | Got a glimmering demon whip {god gift}
 34451 | Swamp:2  | Reached XP level 18. HP: 172/173 MP: 17/17
 34896 | Swamp:3  | Received a gift from Okawaru
 35400 | Swamp:3  | Acquired a manual of Fighting
 35402 | Swamp:3  | Acquired 1229 gold pieces
 35619 | Swamp:4  | Entered Level 4 of the Swamp
 35736 | Swamp:4  | Reached skill level 19 in Fighting
 35860 | Swamp:4  | Identified the +2 scale mail of the Lonely Realms {Harm
                  | Dex-3 Stlth+}
 36242 | Swamp:4  | Received a gift from Okawaru
 37320 | Swamp:4  | Got a decaying rune of Zot
 37621 | D:11     | Noticed Gastronok
 37636 | D:11     | Killed Gastronok
 37790 | D:11     | Found a runed translucent gate.
 37790 | D:11     | Found a runed translucent gate.
 37790 | D:11     | Found a runed translucent gate.
 37802 | D:11     | Received a gift from Okawaru
 37917 | D:11     | Found a shadowy altar of Dithmenos.
 38129 | D:11     | Reached skill level 20 in Fighting
 38377 | D:12     | Received a gift from Okawaru
 38755 | D:12     | Found Siommidojag's Armour Shop.
 38764 | D:12     | Bought a +1 cloak of preservation for 247 gold pieces
 39265 | D:14     | You fall into a shaft and drop 1 floor!
 39265 | D:15     | Entered Level 15 of the Dungeon
 39666 | D:15     | Reached XP level 19. HP: 186/187 MP: 18/18
 39745 | D:15     | Paralysed by an orc sorcerer for 4 turns
 39751 | D:15     | Received a gift from Okawaru
 39893 | D:15     | Found a staircase to the Depths.
 39927 | Depths:1 | Entered Level 1 of the Depths
 40517 | Depths:1 | Reached skill level 21 in Fighting
 40843 | Depths:1 | Found a gateway to Hell.
 41014 | Elf:1    | Entered Level 1 of the Elven Halls
 41036 | Elf:1    | Found a radiant altar of Vehumet.
 41320 | Elf:1    | Received a gift from Okawaru
 41843 | Elf:1    | Found Muingenk's Jewellery Emporium.
 41843 | Elf:1    | Found Virof's Gadget Shop.
 41844 | Elf:1    | Found Ekhuu's Gadget Shop.
 43012 | Elf:2    | Found Meloxt's Assorted Antiques.
 43255 | Elf:2    | Reached skill level 22 in Fighting
 43551 | Elf:2    | Found a huge runed translucent gate.
 43551 | Elf:2    | Found a huge runed translucent gate.
 43551 | Elf:2    | Found a huge runed translucent gate.
 43552 | Elf:2    | Found a huge runed translucent gate.
 43552 | Elf:2    | Found a huge runed translucent gate.
 43554 | Elf:2    | Received a gift from Okawaru
 43756 | Elf:3    | Entered Level 3 of the Elven Halls
 43756 | Elf:3    | Found Saomory's Gadget Shoppe.
 43869 | Elf:3    | Reached XP level 20. HP: 200/200 MP: 19/19
 44444 | Elf:3    | Cast into level 3 of the Abyss (a deep elf demonologist)
 44510 | Abyss:4  | Found a corrupted altar of Lugonu.
 44550 | Elf:3    | Escaped the Abyss
 44776 | Elf:3    | Cast into level 2 of the Abyss (a deep elf sorcerer)
 44833 | Abyss:2  | Lost intelligence.
 45013 | Abyss:2  | Gained mutation: Armour fits poorly on your strangely
                  | shaped body. [a neqoxec]
 45047 | Abyss:2  | Paralysed by accursed screaming for 1 turns
 45060 | Abyss:2  | Paralysed by accursed screaming for 1 turns
 45311 | Elf:3    | Escaped the Abyss
 45604 | Elf:3    | Received a gift from Okawaru
 45604 | Elf:3    | Reached skill level 23 in Fighting
 45629 | Elf:3    | Cast into level 3 of the Abyss (a deep elf sorcerer)
 45629 | Abyss:3  | Found a corrupted altar of Lugonu.
 45792 | Abyss:4  | HP: 10/203 [raiju/living lightning (18)]
 45792 | Abyss:4  | HP: 1/203 [raiju/living lightning (9)]
 45798 | Abyss:4  | Killed from afar by a raiju

Illustrated notes

Levels and vault maps discovered:
D:1:      lightli_arrival_quake, layout_basic, minmay_close_crescents
D:2:      layout_loops_corners, old_standard_altar, old_standard_altar,
          okawaru_trees_2
D:3:      layout_basic, nicolae_overflow_crystal_walls, old_standard_altar,
          grunt_ashenzari_visionary [grunt_ashenzari_visionary_swamp,
          grunt_ashenzari_visionary_snake]
D:4:      layout_cave_pools, fedhas_altar_4, uniq_natasha
D:5:      layout_loops_ring, gammafunk_ghost_mausoleum, minivault_24
D:6:      layout_rooms, kennysheep_mini, minmay_temple_entry_statues_pillars,
          uniq_menkaure
D:7:      layout_layer_cave, nicolae_overflow_hidden_temple,
          minmay_fountain_box, grunt_ministairs_6
D:8:      layout_loops_ring, minmay_lair_entry_grove
D:9:      layout_loops_ring, ebering_ghost_rock_garden, enter_bailey_2
D:10:     minmay_general_purpose_star, layout_basic, hiddenorc2_lemuel,
          basic_altar, enter_trove_5, lightli_orcish_oven, uniq_maggie
D:11:     layout_loops_ring, ploomutoo_gammafunk_ghost_potion_laboratory,
          grunt_dithmenos_smoke_and_mirrors, uniq_gastronok
D:12:     layout_rooms, serial_shops, shop
D:13:     minmay_inside_and_out, layout_irregular_city,
          biasface_ghost_orc_armoury
D:14:     layout_rooms, erik_vaults_2, serial_bayou_lagoon_a
D:15:     grunt_enter_depths_magical_seal, layout_rooms,
          chequers_serial_rivers_micro_d
Lair:1:   layout_regular_city, gauntlet_entry_generic, lemuel_oklob_altar,
          uniq_joseph
Lair:2:   layout_cave_pods, special_room [special_room_bee],
          portal_ice_cave_demonic_guard, lemuel_fruit_tree
Lair:3:   layout_cave_shapes, skrybe_swamp_entry_bodies,
          minmay_snake_entry_six_corridors
Lair:4:   layout_cave_pods, serial_rivers, chequers_serial_rivers_large_a,
          chequers_serial_rivers_micro_a, chequers_serial_rivers_small_b,
          chequers_serial_rivers_marsh, chequers_serial_rivers_marsh,
          chequers_serial_rivers_micro_b, chequers_serial_rivers_marsh,
          grunt_forest_stairs_basic, cheibrodos_lair_caveside_slide,
          beast_lair_carwin_2
Lair:5:   layout_cave_pods, slime_altar_1, beast_lair_carwin_5, uniq_kirke,
          uniq_snorg, uniq_rupert
Lair:6:   minmay_lair_end_frog_pond, layout_layer_cave, special_room
          [special_room_mythical_zoo], nicolae_quartered_pool_super,
          lemuel_fruit_fields, infiniplex_staircase_pool_2
Swamp:1:  layout_basic_swamp, infiniplex_staircase_pool
Swamp:2:  layout_basic_swamp, serial_swamp_ruin, hangedman_swamp_ruin_wall,
          evilmike_swamp_ruin_rubble_1, swamp_pool2, hangedman_swamp_pad,
          nicolae_swamp_dragon_and_kin
Swamp:3:  layout_basic_swamp, nicolae_swamp_orc_logging_accident
Swamp:4:  swamp_basic_johnstein, layout_basic_swamp
Snake:1:  layout_grid_maze
Snake:2:  layout_rooms, drop_trap
Snake:3:  layout_cave_pods
Snake:4:  snake_pit_salamanders_mu, layout_gridlike, nicolae_snake_shapes
Orc:1:    layout_caves, basic_altar, mines2_david
Orc:2:    st_orc_mages, layout_caves, serial_shops, shop, uniq_jorgrun
Elf:1:    eino_elf_arrival_altar, layout_gridlike,
          kennysheep_underground_church, grunt_megastairs_4, minmay_shop_grove
Elf:2:    layout_loops_corners, serial_shops, shop, grunt_ministairs_11
Elf:3:    minmay_elf_hall, layout_geoelf_castle, serial_shops, shop
Depths:1: layout_gridlike, kennysheep_decorative_pillar, hell_entry,
          grunt_ministairs_2, serial_bayou_pond_b, nrook_uturn,
          hangedman_decor_slide_cut, serial_bayou_lake_a
Abyss:4:  base: Lair:2, evilmike_abyss_exit_vortex,
          evilmike_nicolae_abyss_rune_betentacled_crabyss,
          serial_sigils_hangedman_shear, base: D:1, evilmike_abyss_exit_plants,
          minivault_27, grunt_abyss_rune_wretched_hive,
          evilmike_nicolae_abyss_rune_containment_curve

Skill      XL: |  1  2  3  4  5  6  7  8  9 10 11 12 13 14 15 16 17 18 19 20 |
---------------+-------------------------------------------------------------+-----
Shields        | 4 5 6 8 9 10 12 13 14 15 16 17 18 19 20 21 | 21.0
Fighting       | 4 5 6 7 9 10 12 13 14 15 16 17 18 20 22 23 | 23.1
Armour         | 4 5 6 7 9 10 12 13 14 15 16 17 18 19 20 21 | 21.0
Maces & Flails | 3 4 5 6 7 9 10 11 13 14 15 17 18 19 20 | 20.9

Action                   |  1- 3 |  4- 6 |  7- 9 | 10-12 | 13-15 | 16-18 | 19-21 || total
-------------------------+-------+-------+-------+-------+-------+-------+-------++-------
Melee: Flail             |    92 |   157 |   357 |   852 |   795 |  1273 |       ||  3526
       Headbutt          |    13 |    27 |    79 |   213 |   297 |   686 |   250 ||  1565
       Unarmed           |       |       |       |       |     4 |       |       ||     4
       Morningstar       |       |       |       |       |       |   567 |   740 ||  1307
Invok: Heroism           |       |       |     3 |     8 |     7 |     3 |       ||    21
       Finesse           |       |       |       |     1 |     1 |       |       ||     2
Evoke: Wand              |       |       |       |       |     1 |       |       ||     1
  Use: Potion            |       |       |     3 |     3 |     1 |     3 |     9 ||    19
       Scroll            |       |       |       |    32 |     7 |    17 |     7 ||    63
 Stab: Confused          |       |       |       |       |       |     5 |       ||     5
Armor: Scale mail        |    28 |    49 |     4 |       |       |       |       ||    81
       Plate armour      |       |       |   173 |   261 |   270 |   893 |   239 ||  1836
Dodge: Dodged            |    27 |    37 |    65 |   108 |   163 |   329 |   132 ||   861
       Repelled          |       |       |       |       |       |    18 |       ||    18
Block: Kite shield       |    68 |   136 |   331 |   675 |   800 |  1947 |   727 ||  4684
       Reflection        |       |    14 |    21 |     7 |    21 |   142 |    87 ||   292
       Other             |       |       |       |       |     2 |       |       ||     2

Table legend: (Time is in decaauts)
 A = Elapsed time spent in this place.
 B = Non-inter-level travel time spent in this place.
 C = Inter-level travel time spent in this place.
 D = Time resting spent in this place.
 E = Time spent auto-exploring this place.
 F = Levels seen in this place.
 G = Mean time per level.
                   A        B        C        D        E       F      G
               +--------+--------+--------+--------+--------+-----+--------+
         Total |  45416 |  42844 |   2572 |  13769 |  19144 |  42 | 1081.3 |
       Dungeon |  13324 |  12359 |    965 |   2125 |   7118 |  15 |  888.3 |
          Lair |   7725 |   7112 |    613 |   1258 |   4543 |   6 | 1287.5 |
         Swamp |   4556 |   4343 |    213 |   1472 |   1875 |   4 | 1139.0 |
     Snake Pit |  10986 |  10431 |    555 |   5789 |   2675 |   4 | 2746.5 |
  Orcish Mines |   1882 |   1761 |    121 |    696 |    700 |   2 |  941.0 |
   Elven Halls |   3942 |   3869 |     73 |   1222 |   1875 |   3 | 1314.0 |
        Depths |    826 |    795 |     31 |    259 |    320 |   1 |  826.0 |
         Abyss |    842 |    842 |      0 |    272 |      0 |   5 |  168.4 |
        Bailey |    949 |    949 |      0 |    483 |     37 |   1 |  949.0 |
      Ice Cave |    381 |    381 |      0 |    192 |      0 |   1 |  381.0 |
               +--------+--------+--------+--------+--------+-----+--------+

Top non-repeatable levels by time:
 Snake:4: 5429 daAuts
 Snake:3: 3055 daAuts
 Swamp:4: 1801 daAuts
 Snake:1: 1658 daAuts
  Lair:6: 1589 daAuts
  Lair:5: 1509 daAuts
   Elf:1: 1499 daAuts
    D:10: 1455 daAuts
     D:9: 1413 daAuts
  Lair:3: 1320 daAuts
   Elf:2: 1250 daAuts
     D:3: 1244 daAuts
  Lair:4: 1210 daAuts
     D:7: 1197 daAuts
   Elf:3: 1191 daAuts
